Map: Dusk Towers

Players

Manta - Winner!

  • Race: Zerg Zerg
  • League: Silver

Morph

  • Race: Terran Terran

VOD

Have the link to the VOD?

Description

Time

  • Played on: Feb. 19, 2016, 8:56 p.m.
  • Length: 9:44
Show
View Real Time Build Order
Export as new Build Order

Manta Zerg - Winner!

Build Orders: Hatch First 

Get SALT Encoding   

  12  0:06  Drone  
  13  0:12  Overlord  
  13  0:25  Drone  
  14  0:31  Drone  
  14  0:32  Drone  
  16  0:42  Drone  
  17  0:59  Hatchery  
  17  1:00  Drone  
  17  1:06  Extractor  
  16  1:15  Spawning Pool  
  16  1:17  Drone  
  16  1:23  Drone  
  16  1:25  Drone  
  18  1:33  Drone  
  19  1:46  Overlord  
  19  2:04  Zergling x2  
  19  2:06  Zergling x2  
  21  2:11  Zergling x2  
  21  2:13  Queen  
  21  2:15  Queen  
  26  2:16  Metabolic Boost  
  26  2:42  Hatchery  
  25  2:57  Drone x4  
  25  2:58  Drone x2  
  31  3:02  Extractor  
  30  3:06  Lair  
  30  3:17  Drone x2  
  30  3:19  Drone  
  33  3:22  Overlord  
  33  3:43  Extractor  
  33  3:44  Drone x4  
  33  3:45  Drone x2, Extractor  
  37  3:59  Drone x3  
  37  4:01  Drone  
  41  4:13  Spire  
  41  4:14  Queen  
  41  4:16  Drone  
  41  4:17  Drone x3  
  46  4:25  Drone  
  46  4:26  Drone x2  
  46  4:29  Overlord  
  49  4:32  Zergling x2  
  50  4:49  Drone  
  50  4:50  Drone x4  
  50  4:52  Drone x3  
  58  4:53  Overlord  
  58  5:04  Overlord  
  58  5:05  Evolution Chamber, Overlord  
  57  5:28  Drone x6  
  62  5:32  Extractor  
  62  5:33  Extractor  
  62  5:34  Drone x4  
  62  5:35  Drone x3  
  68  5:37  Overlord x2  
  68  5:40  Zerg Flyer Armor Level 1  
  68  5:47  Mutalisk x3  
  68  5:49  Mutalisk  
  74  5:53  Overlord  
  76  6:08  Drone  
  76  6:09  Drone x2  
  76  6:10  Mutalisk x3  
  76  6:11  Mutalisk x2  
  85  6:12  Mutalisk  
  91  6:19  Zerg Ground Armor Level 1  
  91  6:35  Queen  
  93  6:41  Hatchery  
  93  6:42  Hatchery  
  93  6:44  Mutalisk x3  
  93  6:45  Zergling x4  
  99  7:19  Mutalisk x3  
  99  7:20  Zergling x2  
  106  7:22  Overlord  
  106  7:23  Overlord x4  
  106  7:35  Zerg Flyer Weapons Level 1  
  106  7:40  Queen  
  106  7:42  Hatchery  
  107  7:46  Infestation Pit  
  107  7:50  Queen  
  108  7:56  Mutalisk x4  
  108  7:57  Mutalisk x3  
  122  7:59  Zergling x10  
  108  8:24  Mutalisk  
  108  8:25  Mutalisk x4  
  108  8:26  Zergling x4  
  108  8:27  Zergling x20  
  123  8:34  Mutalisk  
  125  8:51  Mutalisk x3  
  125  8:53  Zergling x12  
  137  9:04  Mutalisk x2  
  141  9:12  Hatchery  
Show
View Real Time Build Order
Export as new Build Order

Morph Terran 

Build Orders: MMM Bio 

Get SALT Encoding   

  12  0:02  SCV  
  13  0:21  SCV  
  14  0:50  Supply Depot  
  14  0:57  SCV  
  14  1:02  Refinery  
  15  1:11  SCV  
  15  1:13  Barracks  
  16  1:24  SCV  
  17  1:36  SCV  
  18  1:48  SCV  
  19  2:01  Supply Depot, Barracks Tech Lab  
  19  2:05  SCV  
  19  2:08  Refinery  
  20  2:17  SCV  
  20  2:21  Marauder  
  20  2:22  Concussive Shells  
  23  2:32  SCV  
  24  2:37  Barracks  
  24  2:42  Marauder  
  26  2:44  SCV  
  26  2:46  Engineering Bay  
  27  3:03  Marauder  
  27  3:04  Combat Shields  
  27  3:05  SCV  
  30  3:17  SCV  
  31  3:24  Terran Infantry Weapons Level 1  
  31  3:25  Barracks  
  31  3:30  Barracks Reactor  
  31  3:31  Supply Depot  
  31  3:48  Supply Depot  
  31  3:53  Marauder  
  33  3:58  Barracks  
  33  4:07  Marine x2  
  35  4:10  Supply Depot  
  35  4:14  Marauder  
  37  4:24  Factory  
  37  4:28  Stimpack  
  37  4:32  Marine x2  
  41  4:39  Barracks Reactor  
  41  4:43  Marauder  
  41  4:47  Barracks Reactor  
  41  4:50  Marine x2  
  43  4:53  Barracks  
  43  5:05  Supply Depot  
  43  5:15  Factory Tech Lab  
  43  5:18  Supply Depot  
  43  5:21  Marauder, Marine x3  
  46  5:22  Marine  
  46  5:24  Marine  
  46  5:25  Marine  
  51  5:36  Supply Depot  
  51  5:40  Barracks Tech Lab  
  51  5:54  Marauder, Marine x4  
  51  5:55  Marine x2  
  59  6:05  Orbital Command  
  59  6:07  Marine  
  60  6:15  Marauder  
  62  6:24  Marine x2  
  62  6:25  Marine x2  
  65  6:26  Marine x2  
  68  6:46  Siege Tank  
  71  6:51  Marauder x2, Marine  
  66  7:25  Siege Tank  
  66  7:29  Marauder x2, Marine x3  
  76  7:37  Marine  
  76  7:41  Marine  
  18  8:51  Marauder x2, Marine x2  
  21  8:57  Command Center  
Tags
 
Composition
MMM Bio
League
Silver
Matchup
TvZ
Replay Pack
sc2sc2
Add a new tag
Caveats
  • Supply blocks, unpowered buildings, or Contaminate may cause inaccurate times.
  • Supply counts are checked every 10 seconds.